 Dungeon Crawl Stone Soup version 0.29-a0-473-gacb4ef3bc5 (webtiles) character file.

Game seed: 15284516059199508211

86 Bruhh the Stinger (level 4, -1/36 HPs)
             Began as a Naga Venom Mage on May 23, 2022.
             Slain by a gnoll
             ... wielding a +0 whip
              (6 damage)
             ... on level 3 of the Dungeon.
             The game lasted 00:02:51 (2741 turns).

Bruhh the Stinger (Naga Venom Mage)                 Turns: 2741, Time: 00:02:51

Health: -1/36      AC:  2    Str: 11    XL:     4   Next: 50%
Magic:  2/8        EV:  9    Int: 17    God:
Gold:   101        SH:  0    Dex: 11    Spells: 6/9 levels left

rFire   . . .      SeeInvis +   f - +1 dagger
rCold   . . .      Faith    .   (no shield)
rNeg    . . .      Spirit   .   a - +0 robe
rPois   +          Reflect  .   (no helmet)
rElec   .          Harm     .   (no cloak)
rCorr   .          Rampage  .   (no gloves)
Will    .....                   (no barding)
Stlth   ++........              (no amulet)
HPRegen 0.12/turn               (no ring)
MPRegen 0.11/turn               (no ring)

@: very slow
A: AC +1, large, see invisible, deformed body, poison resistance, slowness 2,
spit poison 1, naga tail 1
a: Spit Poison


You were on level 3 of the Dungeon.
You visited 1 branch of the dungeon, and saw 3 of its levels.

You collected 101 gold pieces.

Inventory:

Hand Weapons
 f - a +1 dagger (weapon)
Armour
 a - a +0 robe (worn)
 p - a +0 buckler
Scrolls
 b - a scroll of vulnerability {unknown}
 c - a scroll of magic mapping {unknown}
 e - 2 scrolls of enchant armour {unknown}
 g - 2 scrolls of enchant weapon
 k - a scroll of identify {unknown}
 l - a scroll of immolation {unknown}
 n - a scroll of teleportation {unknown}
Potions
 d - a potion of resistance {unknown}
 h - a potion of invisibility {unknown}
 i - a potion of flight {unknown}
 j - a potion of berserk rage {unknown}
 m - a potion of brilliance {unknown}
 o - a potion of heal wounds {unknown}


   Skills:
 - Level 1.5 Dodging
 - Level 3.0 Stealth
 + Level 3.3 Spellcasting
 - Level 1.0 Transmutations
 + Level 5.6 Poison Magic


You had 6 spell levels left.
You knew the following spells:

 Your Spells              Type           Power      Damage    Failure   Level
a - Sting                 Tmut/Pois      56%        1d5       4%          1
b - Poisonous Vapours     Pois/Air       24%        N/A       9%          2

Your spell library contained the following spells:

 Spells                   Type           Power      Damage    Failure   Level
 Sandblast                Erth           4%         2d4       17%         1
 Olgreb's Toxic Radiance  Pois           21%        N/A       17%         4
 Passwall                 Tmut/Erth      3%         N/A       22%         2
 Mephitic Cloud           Conj/Pois/Air  9%         N/A       24%         3
 Stone Arrow              Conj/Erth      4%         3d7       45%         3


Dungeon Overview and Level Annotations

Branches:
Dungeon (3/15)

Altars:
Sif Muna

Shops:
D:1 [   D:2 *


Innate Abilities, Weirdness & Mutations

Your serpentine skin is tough. (AC +1)
You have supernaturally acute eyesight. (SInv)
Armour fits poorly on your strangely shaped body.
Your system is resistant to poisons. (rPois)
You cover ground very slowly.
You can spit poison.
You have a snake-like lower body.


Message History

Confirm with . or Enter, or press ? or * to list all spells.
Aiming: Poisonous Vapours (safe; 9% risk of failure)
Press: ? - help, Dir - move target, f - gnoll, p - gnoll
Aim: a gnoll, wielding a +0 flail Poisonous vapours surround the gnoll!
The gnoll is poisoned.
The gnoll closely misses you.
Unknown command.
Casting: Poisonous Vapours (safe; 9% risk of failure)
Confirm with . or Enter, or press ? or * to list all spells.
Aiming: Poisonous Vapours (safe; 9% risk of failure)
Press: ? - help, Dir - move target, f/p - gnoll
Aim: a gnoll, wielding a +0 flail (lightly wounded, poisoned) Poisonous vapours surround the gnoll!
The gnoll looks even sicker.
Unknown command.
Casting: Poisonous Vapours (safe; 9% risk of failure)
Confirm with . or Enter, or press ? or * to list all spells.
You don't know that spell.
You hit the gnoll.
The gnoll is moderately wounded.
You hit the gnoll but do no damage.
The gnoll is heavily wounded.
The gnoll hits you with a +0 flail!
You hit the gnoll.
The gnoll is severely wounded.
You kill the gnoll!
You barely miss the gnoll.
The gnoll is heavily wounded.
The gnoll hits you with a +0 whip!
You barely miss the gnoll.
The gnoll is severely wounded.
A gnoll comes into view. It is wielding a +0 club.
The gnoll hits you with a +0 whip.
You hit the gnoll.
You kill the gnoll!
The gnoll hits you with a +0 whip!
* * * LOW HITPOINT WARNING * * *
As you read the scroll labelled WUINIKOINA, it crumbles to dust.
It is a scroll of enchant weapon.
Your +0 dagger glows red for a moment.
The gnoll hits you with a +0 whip.
You die...

### ..#
... #.#
#.# #g#
#r# #g#
#@# #.#
#.# #.#
#.# #.#
#.#
#.######
#.....<#


You could see 2 gnolls and a rat.

Vanquished Creatures
  2 gnolls (D:3)
  3 adders (D:2)
  4 endoplasms
  2 giant cockroaches (D:1)
  6 goblins
  4 hobgoblins
  4 kobolds
  2 quokkas (D:1)
  4 ball pythons
  2 bats (D:1)
  2 frilled lizards
  4 rats
39 creatures vanquished.

Notes
Turn   | Place    | Note
-------+----------+-------------------------------------------
     0 | D:1      | Bruhh the Naga Venom Mage began the quest for the Orb.
     0 | D:1      | Reached XP level 1. HP: 15/15 MP: 3/3
   283 | D:1      | Found Pausysch's Armour Shoppe.
   317 | D:1      | Reached XP level 2. HP: 22/22 MP: 0/5
  1522 | D:2      | Reached XP level 3. HP: 28/28 MP: 2/6
  1641 | D:2      | Reached skill level 5 in Poison Magic
  1735 | D:2      | Learned a level 2 spell: Poisonous Vapours
  2135 | D:2      | Reached XP level 4. HP: 32/36 MP: 4/8
  2208 | D:2      | Found a shimmering blue altar of Sif Muna.
  2276 | D:2      | Found Mezebeuf's Assorted Antiques.
  2741 | D:3      | Slain by a gnoll

Illustrated notes

Levels and vault maps discovered:
D:1:      dpeg_arrival_shrine, layout_basic, serial_shops, shop, st_stairs_12
D:2:      layout_basic, serial_shops, shop, basic_altar, st_stairs_5,
          minmay_fractal_squares_gapless_5
D:3:      layout_basic, uniq_jessica, uniq_terence

Skill      XL: |  1  2  3 |
---------------+----------+-----
Poison Magic   | 5 |  5.6
Spellcasting   | 3 |  3.3
Dodging        | |  1.5
Stealth        | |  3.0
Transmutations | |  1.0

Action                   |  1- 3 |  4- 6 || total
-------------------------+-------+-------++-------
Melee: Unarmed           |     6 |       ||     6
       Dagger            |    20 |    11 ||    31
 Cast: Sting             |    70 |     6 ||    76
       Poisonous Vapours |       |     2 ||     2
  Use: Potion            |     1 |       ||     1
       Scroll            |       |     1 ||     1
Armor: Robe              |     7 |       ||     7
Dodge: Dodged            |    27 |     4 ||    31

Table legend: (Time is in decaauts)
 A = Elapsed time spent in this place.
 B = Non-inter-level travel time spent in this place.
 C = Inter-level travel time spent in this place.
 D = Time resting spent in this place.
 E = Time spent auto-exploring this place.
 F = Levels seen in this place.
 G = Mean time per level.
                   A        B        C        D        E       F      G
               +--------+--------+--------+--------+--------+-----+--------+
         Total |   3284 |   3081 |    203 |      0 |   2742 |   3 | 1094.7 |
       Dungeon |   3284 |   3081 |    203 |      0 |   2742 |   3 | 1094.7 |
               +--------+--------+--------+--------+--------+-----+--------+

Top non-repeatable levels by time:
     D:1: 1675 daAuts
     D:2: 1576 daAuts
     D:3: 32 daAuts
